 Dungeon Crawl Stone Soup version 0.28.0-53-g5a82cb258f (webtiles) character file.

Game seed: 15659413461844694537

100 Plasmagod the Shield-Bearer (level 4, -1/24 HPs)
             Began as a Vine Stalker Fighter on July 26, 2022.
             Killed from afar by Sigmund (6 damage)
             ... with a magic dart
             ... on level 2 of the Dungeon.
             The game lasted 00:01:32 (1277 turns).

Plasmagod the Shield-Bearer (Vine Stalker Fighter)  Turns: 1277, Time: 00:01:33

Health: -1/24      AC:  6    Str: 20    XL:     4   Next: 74%
Magic:  0/5        EV:  9    Int:  8    God:
Gold:   86         SH:  5    Dex: 14    Spells: 3/3 levels left

rFire   . . .      SeeInvis .   a - +0 war axe
rCold   . . .      Faith    .   c - +0 buckler
rNeg    . . .      Spirit   +   b - +0 scale mail
rPois   .          Reflect  .   (no helmet)
rElec   .          Harm     .   (no cloak)
rCorr   .          Rampage  .   (no gloves)
Will    .....                   (no boots)
Stlth   ..........              (no amulet)
HPRegen 0.88/turn               (no ring)
MPRegen 0.09/turn               (no ring)

@: mighty
A: fangs 2, regeneration 1, magic shield, antimagic bite, no potion heal 2
a: no special abilities


You were on level 2 of the Dungeon.
You visited 1 branch of the dungeon, and saw 2 of its levels.

You collected 86 gold pieces.

Inventory:

Hand Weapons
 a - a +0 war axe (weapon)
Armour
 b - a +0 scale mail (worn)
 c - a +0 buckler (worn)
Scrolls
 e - a scroll of fear {unknown}
 i - a scroll of noise {unknown}
 j - a scroll of identify {unknown}
 k - a scroll of amnesia {unknown}
Potions
 d - a potion of might
 f - 2 potions of mutation {unknown}
 g - 2 potions of heal wounds {unknown}
 h - a potion of brilliance {unknown}


   Skills:
 + Level 3.1 Fighting
 + Level 2.5 Axes
 + Level 2.9 Armour
 + Level 1.3 Dodging
 + Level 3.2 Shields


You had 3 spell levels left.
You didn't know any spells.
Your spell library was empty.

Dungeon Overview and Level Annotations

Branches:
Dungeon (2/15)

Altars:

Annotations:
D:2 Sigmund


Innate Abilities, Weirdness & Mutations

You have extremely sharp teeth.
Your natural rate of healing is unusually fast.
When hurt, damage is shared between your health and your magic reserves.
Your bite disrupts and absorbs the magic of your enemies.
Potions cannot restore your health.


Message History

You are confused.
Natasha stares at you and mumbles some strange words.
The magic dart hits you but does no damage.
Natasha wildly gestures.
Natasha's front paws start to glow.
Natasha claws you.
Sigmund hits you from afar with a +0 scythe!
Found 23 bolts.
Natasha claws you.
You feel very mighty all of a sudden. Natasha claws you but does no damage.
You feel less confused.
Sigmund gestures wildly while chanting.
Sigmund flickers and vanishes!
Deactivating autopickup; reactivate with Ctrl-A.
Natasha stares at you and mumbles some strange words.
You resist with some effort.
You barely miss Natasha. You bite Natasha!
Natasha's magic leaks into the air.
You drain her magic.
You feel invigorated.
Natasha is almost dead.
Something hits you but does no damage. Natasha claws you.
Natasha falters for a moment.
You slash Natasha!
You kill Natasha!
You feel Natasha's spirit has finally been put to rest.
Something hits you!
Your Dodging skill increases to level 1!
Something hits you but does no damage.
You see here a potion of might.
Something hits you but does no damage.
You hear some strange, mumbled words.
A magic dart appears from out of thin air!
The magic dart hits you.
You miss something. Something hits you!
You miss something. Your bite misses something. Something hits you!
* * * LOW HITPOINT WARNING * * *
You slice something!! Your bite misses something.
You hear some strange, mumbled words.
A magic dart appears from out of thin air!
The magic dart hits you.
You die...

#.##....##.##..##.# #.#
#..........##..##.# #.#
####.#.######..##.########..
#.#.# #..............)
#.#.######.###.##########
#.#......#.# #.#
#.######.#.# #.#
#.######.#.# #.#
#.......@!.# #.#
########{#.# #..
...........## #####..###.#
#..# # #..# #..# .(.. ##..


There were no monsters in sight!

Vanquished Creatures
  Natasha (thrice) (D:2)
  A dart slug (D:1)
  3 ball pythons (D:1)
  3 endoplasms (D:1)
  A giant cockroach (D:2)
  A goblin (D:1)
  A hobgoblin (D:1)
  3 kobolds (D:1)
  A quokka (D:2)
  5 bats (D:1)
  3 rats
25 creatures vanquished.

Notes
Turn   | Place    | Note
-------+----------+-------------------------------------------
     0 | D:1      | Plasmagod the Vine Stalker Fighter began the quest for the
                  | Orb.
     0 | D:1      | Reached XP level 1. HP: 11/11 MP: 2/2
   150 | D:1      | Reached XP level 2. HP: 14/16 MP: 3/3
   745 | D:1      | Found a faded altar of an unknown god.
   941 | D:1      | Reached XP level 3. HP: 19/19 MP: 4/4
  1074 | D:2      | Noticed Natasha
  1078 | D:2      | Killed Natasha
  1180 | D:2      | Noticed Natasha
  1187 | D:2      | Killed Natasha
  1188 | D:2      | Gained mutation: Your natural rate of healing is unusually
                  | fast. [Vine Stalker growth]
  1188 | D:2      | Reached XP level 4. HP: 11/24 MP: 2/5
  1260 | D:2      | Noticed Natasha
  1262 | D:2      | Noticed Sigmund
  1270 | D:2      | Killed Natasha
  1271 | D:2      | Reached skill level 1 in Dodging
  1277 | D:2      | Killed from afar by Sigmund

Illustrated notes

Levels and vault maps discovered:
D:1:      nicolae_arrival_somewhat_less_tricky_arrival, layout_basic,
          ebering_ecumenical_altar_hall
D:2:      layout_loops_ring, uniq_crazy_yiuf_cottage, uniq_sigmund,
          uniq_jessica, uniq_natasha

Skill      XL: |  1  2  3  4 |
---------------+-------------+-----
Shields        | 3 |  3.2
Fighting       | 3 |  3.1
Axes           | 2 |  2.5
Dodging        | 1 |  1.3
Armour         | |  2.9

Action                   |  1- 3 |  4- 6 || total
-------------------------+-------+-------++-------
Melee: War axe           |    49 |     5 ||    54
       Bite              |     7 |     1 ||     8
  Use: Potion            |       |     1 ||     1
Armor: Scale mail        |    23 |     5 ||    28
Dodge: Dodged            |    30 |       ||    30
Block: Buckler           |     9 |       ||     9
